 Dungeon Crawl Stone Soup version 0.29.1-13-g9f3cf754e1 (webtiles) character file.

Game seed: 5723666452031260640

309 javelincjr the Magician (level 6, -2/41 HPs)
             Began as a Djinni Ice Elementalist on Jan 23, 2023.
             Slain by a lemure (3 damage)
             ... led by Pikel
             ... on level 3 of the Dungeon.
             The game lasted 00:25:25 (4650 turns).

javelincjr the Magician (Djinni Ice Elementalist)   Turns: 4650, Time: 00:25:25

Health: -2/41      AC:  2    Str:  7    XL:     6   Next: 69%
Gold:   365        EV: 12    Int: 18    God:
                   SH:  0    Dex: 14

rFire   + + .      SeeInvis .   t - +2 short sword (flame)
rCold   x . .      Faith    .   (no shield)
rNeg    . . .      Spirit   .   a - +0 robe
rPois   ∞          Reflect  .   (no helmet)
rElec   .          Harm     .   h - scarf {shadows}
rCorr   .          Rampage  .   (no gloves)
Will    .....      Clarity  +   (boots unavailable)
Stlth   ++........              m - amulet of the acrobat
HPRegen 0.13/turn               (no ring)
MPRegen 0.00/turn               (no ring)

@: flying, unable to drink
A: sickness immunity, fire resistance 2, cold vulnerability 1, float, innate
caster, HP casting, extra vitality 1, clarity, inability to drink after injury 1
a: no special abilities


You were on level 3 of the Dungeon.
You visited 1 branch of the dungeon, and saw 4 of its levels.
You also visited: Ossuary.

You collected 365 gold pieces.

Inventory:

Hand Weapons
 e - a +0 spear
 f - a +0 sling
 t - a +2 short sword of flaming (weapon)
Missiles
 q - 3 silver javelins
 s - 4 atropa-tipped darts
 u - 4 poisoned darts
Armour
 a - a +0 robe (worn)
 h - a scarf of shadows (worn)
Jewellery
 m - an amulet of the acrobat (around neck)
 r - an amulet of reflection
Wands
 j - a wand of roots (13)
Scrolls
 c - a scroll of fear
 d - 6 scrolls of identify {unknown}
 g - 2 scrolls of amnesia {unknown}
 i - a scroll of butterflies {unknown}
 k - a scroll of immolation {unknown}
 l - 6 scrolls of teleportation {unknown}
 n - a scroll of silence {unknown}
 y - a scroll of enchant weapon {unknown}
Potions
 v - a potion of heal wounds {unknown}
 w - a potion of attraction {unknown}
 x - a potion of lignification {unknown}
 z - a potion of cancellation {unknown}
 A - a potion of mutation
 B - a potion of flight {unknown}
 C - a potion of ambrosia {unknown}


   Skills:
 + Level 0.7 Fighting
 + Level 0.1 Polearms
 + Level 2.2 Ranged Weapons
 + Level 2.4 Dodging
 + Level 2.0 Stealth
 + Level 5.0 Spellcasting


You had one spell level left.
You knew the following spells:

 Your Spells              Type           Power      Damage    Failure   Level
a - Freeze                Ice            88%        1d10      1%          1
b - Frozen Ramparts       Ice            44%        1d7       4%          3
c - Ozocubu's Armour      Ice            22%        N/A       4%          3
d - Hailstorm             Conj/Ice       22%        3d7       16%         4
e - Sandblast             Erth           44%        2d11      1%          1
f - Searing Ray           Conj           44%        2d6       2%          2
Your spell library was empty.

Dungeon Overview and Level Annotations

Branches:
Dungeon (4/15)            Ossuary (visited)
 Temple: D:4-7

Altars:

Shops:
D:4 [==[

Annotations:
D:4 Eustachio, Pikel


Innate Abilities, Weirdness & Mutations

You are immune to sickness and miasma.
You are immune to poison.
Your flesh is very heat resistant. (rF++)
You are vulnerable to cold. (rC-)
You float through the air rather than walking.
You learn spells naturally, not from books.
Your magical power is your life essence.
You have superior vitality. (+4 MHP)
You possess an exceptional clarity of mind.
You occasionally lose the ability to drink potions when taking damage.


Message History

The wall freezes the lemure but does no damage.
You hit the lemure but do no damage.
The lemure is almost dead.
The frozen ramparts melt away.
The lemure closely misses you.
You hit the lemure but do no damage.
The lemure is almost dead.
The lemure hits you but does no damage.
You hit the lemure but do no damage.
The lemure is almost dead.
The lemure closely misses you.
You hit the lemure but do no damage.
The lemure is almost dead.
The lemure completely misses you.
You hit the lemure. You burn the lemure.
The lemure is almost dead.
The lemure closely misses you.
You miss the lemure.
The lemure is almost dead.
The lemure closely misses you.
You hit the lemure but do no damage.
The lemure is almost dead.
The lemure hits you.
* * * LOW HITPOINT WARNING * * *
The lemure completely misses you.
You hit the lemure. You burn the lemure.
The lemure is almost dead.
The lemure closely misses you.
You hit the lemure. You burn the lemure.
You kill the lemure!
That felt strangely unrewarding.
You can drink potions again.
You hit the lemure but do no damage.
The lemure is severely wounded.
The lemure hits you.
You feel threatened and lose the ability to drink potions!
* * * LOW HITPOINT WARNING * * *
You closely miss the lemure.
The lemure is severely wounded.
The lemure hits you.
You die...

#.# #.# #..#.....#
#.####.#######......#.#####
..............>...........#
#...................#.##.##
####................#>##.##
...........##.......).....#
............#..#.##.#.##.##
............#..#5##.#.##.#
####..........##@##.#....#
...#.............##.######
##.#......#.#######.#
..................#.#
##.####..##.#####.#.# .[.#
#..#...........#
#..###.##....####.###
...#...##....# #.#
<....####....# #.#


You could see a lemure.

Vanquished Creatures
  2 lemures (D:3)
  A necrophage (D:4)
  2 orc priests (D:4)
  8 mummies (Ossuary)
  3 adders
  4 dart slugs
  An orc (D:4)
  4 endoplasms
  A giant cockroach (D:3)
  5 goblins
  10 hobgoblins
  3 kobolds
  3 quokkas
  3 ball pythons
  3 bats
  3 frilled lizards
  A gnoll zombie (Ossuary)
  A goblin zombie (D:4)
  2 kobold zombies (Ossuary)
  5 orc zombies (Ossuary)
  A rat (D:3)
  A rat zombie (D:4)
67 creatures vanquished.

Notes
Turn   | Place    | Note
-------+----------+-------------------------------------------
     0 | D:1      | javelincjr the Djinni Ice Elementalist began the quest for
                  | the Orb.
     0 | D:1      | javelincjr set off with the following spells memorised:
                  | Freeze, Frozen Ramparts, Ozocubu's Armour, Hailstorm.
     0 | D:1      | Reached XP level 1. HP: 15/15 MP: 0/0
   355 | D:1      | Reached XP level 2. HP: 21/21 MP: 0/0
   720 | D:1      | Found a faded altar of an unknown god.
  1249 | D:2      | Reached XP level 3. HP: 18/25 MP: 0/0
  1249 | D:2      | Learned a level 1 spell: Sandblast
  1477 | D:2      | Reached skill level 4 in Spellcasting
  1715 | D:2      | Reached XP level 4. HP: 30/31 MP: 0/0
  1971 | D:3      | Reached skill level 1 in Ranged Weapons
  2564 | D:4      | Reached XP level 5. HP: 25/36 MP: 0/0
  2564 | D:4      | Learned a level 2 spell: Searing Ray
  2581 | D:4      | Noticed a lemure
  2714 | D:4      | Found a sand-covered staircase.
  2734 | Ossuary  | Entered an ossuary
  3148 | Ossuary  | Reached XP level 6. HP: 39/41 MP: 0/0
  3599 | D:4      | Found Jysicuy's Armour Emporium.
  3615 | D:4      | Reached skill level 5 in Spellcasting
  3830 | D:4      | Found Arump's Jewellery Emporium.
  3832 | D:4      | Found Pisy's Armour Emporium.
  3832 | D:4      | Found Kiufinn's Jewellery Emporium.
  3891 | D:4      | Noticed Eustachio
  3959 | D:4      | Noticed Pikel
  4282 | D:3      | Gained mutation: You occasionally lose the ability to drink
                  | potions when taking damage. [potion of mutation]
  4282 | D:3      | Gained mutation: You possess an exceptional clarity of
                  | mind. [potion of mutation]
  4649 | D:3      | HP: 1/41 [lemure[Pikel] (6)]
  4650 | D:3      | Slain by a lemure

Illustrated notes

Levels and vault maps discovered:
D:1:      minmay_arrival_jagged, layout_basic,
          shapermc_ecumenical_altar_acropolis, chequers_jeans
D:2:      layout_loops_ring, minmay_misc_feat_more_columns
D:3:      layout_basic
D:4:      layout_rooms, mainiacjoe_overflow_surrounded_room, enter_ossuary_4,
          chequers_mini_garden, minmay_shop_grid_forest,
          hangedman_decor_growths, wad_floor_pattern_2, uniq_pikel,
          uniq_eustachio

Skill      XL: |  1  2  3  4  5  6 |
---------------+-------------------+-----
Spellcasting   | 4 5 |  5.0
Ranged Weapons | 1 2 |  2.2
Stealth        | 2 |  2.0
Fighting       | |  0.7
Polearms       | |  0.1
Dodging        | |  2.4

Action                   |  1- 3 |  4- 6 || total
-------------------------+-------+-------++-------
Melee: Spear             |    12 |       ||    12
       Unarmed           |     3 |       ||     3
       Short sword       |       |    27 ||    27
 Fire: Sling             |    36 |    15 ||    51
 Cast: Freeze            |    21 |    19 ||    40
       Sandblast         |     4 |    70 ||    74
       Ozocubu's Armour  |       |     1 ||     1
       Searing Ray       |       |     3 ||     3
       Frozen Ramparts   |       |     1 ||     1
  Use: Potion            |       |     4 ||     4
       Scroll            |       |     2 ||     2
 Stab: Sleeping          |     1 |     1 ||     2
Armor: Robe              |     8 |    13 ||    21
Dodge: Dodged            |    24 |    54 ||    78
